 Dungeon Crawl Stone Soup version 0.29-a0-88-g03a7b78be7 (webtiles) character file.

Game seed: 9701135619567184563

95 lordive the Grasshopper (level 4, -1/42 HPs)
             Began as a Troll Warper on Feb 5, 2022.
             Slain by a water moccasin (2 damage)
             ... on level 3 of the Dungeon.
             The game lasted 00:02:30 (1862 turns).

lordive the Grasshopper (Troll Warper)              Turns: 1862, Time: 00:02:31

Health: -1/42      AC:  4    Str: 19    XL:     4   Next: 40%
Magic:  5/5        EV: 10    Int: 11    God:
Gold:   95         SH:  0    Dex:  9    Spells: 5/5 levels left

rFire   . . .      SeeInvis .     - Unarmed
rCold   . . .      Faith    .   (no shield)
rNeg    . . .      Spirit   .   a - +0 robe
rPois   .          Reflect  .   (helmet restricted)
rElec   .          Harm     .   (no cloak)
rCorr   .          Rampage  .   (gloves unavailable)
Will    +....                   (boots unavailable)
Stlth   +.........              (no amulet)
HPRegen 0.94/turn               e - ring of willpower
MPRegen 0.09/turn               (no ring)

@: lethally poisoned (-1 -> -6), attractive, invisible
A: large, unfitting armour, claws 3, regeneration 1, shaggy fur 1, tough skin 1
a: no special abilities


You were on level 3 of the Dungeon.
You visited 1 branch of the dungeon, and saw 3 of its levels.

You collected 95 gold pieces.

Inventory:

Missiles
 c - 4 boomerangs of dispersal (quivered)
 p - a boomerang
Armour
 a - a +0 robe (worn)
Magical Staves
 j - a staff of earth
Jewellery
 e - a ring of willpower (left claw)
Scrolls
 b - 3 scrolls of blinking
 f - 2 scrolls of immolation {unknown}
 g - a scroll of teleportation {unknown}
 h - a scroll of enchant weapon {unknown}
 m - a scroll of fear {unknown}
 n - 8 scrolls of identify {unknown}
 o - a scroll of holy word {unknown}
Potions
 k - a potion of cancellation {unknown}
 l - 2 potions of degeneration {unknown}
 q - a potion of might {unknown}


   Skills:
 + Level 1.7 Fighting
 - Level 0.8 Throwing
 + Level 2.2 Dodging
 + Level 0.1 Stealth
 + Level 2.7 Unarmed Combat
 + Level 1.4 Spellcasting
 * Level 3.2 Translocations


You had 5 spell levels left.
You didn't know any spells.
Your spell library contained the following spells:

 Spells                   Type           Power      Damage    Failure   Level
 Blink                    Tloc           14%        N/A       13%         2
 Gell's Gravitas          Tloc           7%         N/A       26%         3
 Lesser Beckoning         Tloc           7%         N/A       26%         3
 Teleport Other           Tloc           7%         N/A       26%         3
 Summon Small Mammal      Summ           0%         N/A       30%         1
 Call Canine Familiar     Summ           0%         N/A       67%         3
 Conjure Flame            Conj/Fire      0%         6-21      67%         3
 Ignite Poison            Fire/Tmut/Pois 0%         N/A       67%         3
 Summon Guardian Golem    Hex/Summ       0%         N/A       67%         3
 Manifold Assault         Tloc           7%         N/A       93%         5
 Sticky Flame             Conj/Fire      0%         2d3       97%         4


Dungeon Overview and Level Annotations

Branches:
Dungeon (3/15)

Altars:
Kikubaaqudgha


Innate Abilities, Weirdness & Mutations

You are too large for most types of armour.
You have claws for hands.
Your natural rate of healing is unusually fast.
You are covered in fur. (AC +1)
You have tough skin. (AC +1)


Message History

The water moccasin closely misses you.
You scratch the water moccasin.
The water moccasin is almost dead.
You feel sick.
The water moccasin bites you but does no damage. x2
You closely miss the water moccasin.
The water moccasin is severely wounded.
You feel sick. The water moccasin bites you.
You are more poisoned.
The water moccasin poisons you!
You closely miss the water moccasin.
The water moccasin is severely wounded.
You feel very sick. The water moccasin bites you!
You miss the water moccasin.
The water moccasin is severely wounded.
You feel very sick. The water moccasin bites you!
* * * LOW HITPOINT WARNING * * *
You are lethally poisoned!
The water moccasin poisons you! The water moccasin barely misses you.
Throw: 5 boomerangs (disperse)
Press: ? - help, Q - select action, (/) - cycle Shift-Dir - straight line, f - water moccasin
Aim: a water moccasin (severely wounded, 29% to hit)
You throw a boomerang of dispersal.
The boomerang of dispersal hits the water moccasin.
The water moccasin blinks!
* * * LOW HITPOINT WARNING * * *
You feel extremely sick.
It was a potion of attraction.
You feel attractive to monsters.
* * * LOW HITPOINT WARNING * * *
You feel very sick.
The water moccasin is attracted toward you.
It was a potion of invisibility.
You fade into invisibility!
* * * LOW HITPOINT WARNING * * *
You feel very sick. The water moccasin bites you.
You die...

...#
..............#
...#
#######.......#
#..# .#####
#.....[.# ..#
......##.......#
. .. ###
#..........# #.
... ##..##.#####
#.. ##.##..#
##..ยง####.....##
#....S@..!....#
..(##.##.#####..#
# ...# #..#
...### #..# .....
### .###


You could see a water moccasin.

Vanquished Creatures
  An orc wizard (D:2)
  2 adders (D:2)
  A worm (D:2)
  A dart slug (D:2)
  5 orcs (D:3)
  2 ball pythons (D:1)
  5 bats
  2 endoplasms
  A giant cockroach (D:2)
  4 goblins
  5 hobgoblins
  4 jackals (D:2)
  A quokka (D:2)
  3 kobolds
  A rat (D:2)
38 creatures vanquished.

Vanquished Creatures (others)
  An orc (D:2)
  A fungus (D:1)
  2 plants (D:1)
4 creatures vanquished.

Grand Total: 42 creatures vanquished

Notes
Turn   | Place    | Note
-------+----------+-------------------------------------------
     0 | D:1      | lordive the Troll Warper began the quest for the Orb.
     0 | D:1      | Reached XP level 1. HP: 19/19 MP: 1/1
   217 | D:1      | Reached XP level 2. HP: 22/27 MP: 2/2
   505 | D:1      | Found a faded altar of an unknown god.
   841 | D:2      | Reached XP level 3. HP: 32/33 MP: 4/4
  1589 | D:2      | Reached skill level 3 in Translocations
  1589 | D:2      | Reached XP level 4. HP: 31/42 MP: 5/5
  1724 | D:3      | Found an ancient bone altar of Kikubaaqudgha.
  1849 | D:3      | Noticed a water moccasin
  1862 | D:3      | HP: 1/42 [poisoned by a water moccasin]
  1862 | D:3      | Slain by a water moccasin

Illustrated notes

Levels and vault maps discovered:
D:1:      saegor_arrival_under_anarchy, layout_rooms,
          shapermc_ecumenical_altar_mp_ritualfount, hex_intersection,
          roderic_serpentine_path
D:2:      layout_loops_ring
D:3:      layout_rooms, kiku_gazebo_pond_becter

Skill      XL: |  1  2  3 |
---------------+----------+-----
Dodging        | 2 |  2.2
Translocations | 3 |  3.2
Fighting       | |  1.7
Throwing       | |  0.8
Stealth        | |  0.1
Unarmed Combat | |  2.7
Spellcasting   | |  1.4

Action                   |  1- 3 |  4- 6 || total
-------------------------+-------+-------++-------
Melee: Unarmed           |   130 |    23 ||   153
       Punch             |     4 |       ||     4
Throw: Boomerang         |       |     1 ||     1
  Use: Potion            |       |     2 ||     2
 Stab: Sleeping          |     1 |       ||     1
Armor: Robe              |    56 |     6 ||    62
Dodge: Dodged            |    59 |     7 ||    66

Table legend: (Time is in decaauts)
 A = Elapsed time spent in this place.
 B = Non-inter-level travel time spent in this place.
 C = Inter-level travel time spent in this place.
 D = Time resting spent in this place.
 E = Time spent auto-exploring this place.
 F = Levels seen in this place.
 G = Mean time per level.
                   A        B        C        D        E       F      G
               +--------+--------+--------+--------+--------+-----+--------+
         Total |   1857 |   1742 |    115 |     20 |   1381 |   3 |  619.0 |
       Dungeon |   1857 |   1742 |    115 |     20 |   1381 |   3 |  619.0 |
               +--------+--------+--------+--------+--------+-----+--------+

Top non-repeatable levels by time:
     D:1: 760 daAuts
     D:2: 754 daAuts
     D:3: 342 daAuts
